 Dungeon Crawl Stone Soup version 0.31-a0-164-g2312942fda (webtiles) character file.

Game seed: 5538781991181190579

4130 qw the Cleaver (level 10, -1/64 HPs)
             Began as a Gargoyle Fighter on June 13, 2023.
             Was a Follower of Okawaru.
             Killed by divine providence
             ... invoked by an orc priest
             ... summoned by an orange crystal statue
              (16 damage)
             ... on level 8 of the Dungeon.
             The game lasted 00:03:46 (6828 turns).

qw the Cleaver (Gargoyle Fighter)                   Turns: 6828, Time: 00:03:47

Health: -1/64      AC: 22    Str: 23      XL:     10   Next: 27%
Magic:  1/13       EV:  6    Int:  7 (10) God:    Okawaru [*.....]
Gold:   490        SH:  4    Dex:  8 (9)  Spells: 9/9 levels left

rFire   . . .        Y - +1 war axe
rCold   . . .        c - +0 buckler
rNeg    + . .        e - +0 plate armour
rPois   inf          (no helmet)
rElec   +            g - +0 cloak
rCorr   .            k - +0 pair of gloves
SInv    .            (no boots)
Will    .....        (no amulet) Stlth
                     (no ring)
HPRegen 0.30/turn    (no ring)
MPRegen 0.13/turn

%: no passive effects
@: about to teleport
A: sickness immunity, AC +7, negative energy resistance 1, electricity
resistance, torment resistance 1, petrification resistance
a: Renounce Religion, Heroism


You were on level 8 of the Dungeon.
You worshipped Okawaru.
Okawaru was aware of your devotion.
You visited 2 branches of the dungeon, and saw 9 of its levels.

You collected 490 gold pieces.


Innate Abilities, Weirdness & Mutations

You are immune to sickness and miasma.
Your stone body is resilient. (AC +7)
You are immune to poison.
You resist negative energy. (rN+)
You are resistant to electric shocks. (rElec)
You are resistant to unholy torment.
You are immune to petrification.


   Skills:
 + Level 7.6 Fighting
 - Level 10.4 Axes
 - Level 6.0 Armour
 - Level 1.0 Dodging
 - Level 4.0 Shields
 - Level 4.7 Invocations


You had 9 spell levels left.
You didn't know any spells.
Your spell library was empty.

Inventory:

Hand Weapons
 h - a +0 morningstar
 r - a +2 flail of holy wrath
 Y - a +1 war axe (weapon)
Armour
 b - +0 acid dragon scales
 c - a +0 buckler (worn)
 e - a +0 plate armour (worn)
 g - a +0 cloak (worn)
 k - a +0 pair of gloves (worn)
 n - a +1 chain mail of fire resistance
Jewellery
 i - a ring of fire
 u - a ring of willpower
Scrolls
 a - a scroll of identify
 s - a scroll of teleportation
Potions
 d - 2 potions of might
 f - 2 potions of lignification
 j - a potion of mutation
 l - a potion of resistance
 m - a potion of haste
 o - a potion of heal wounds {unknown}
 q - a potion of magic
 t - a potion of brilliance {unknown}

Dungeon Overview and Level Annotations

Branches:
Dungeon (8/15)             Temple (1/1) D:4
   Lair: D:8-11

Altars:
Ashenzari
Cheibriados
Dithmenos
Elyvilon
Fedhas
Gozag
Hepliaklqana
Kikubaaqudgha
Makhleb
Nemelex Xobeh
Okawaru
Qazlal
Ru
Sif Muna
Uskayaw
Vehumet
Wu Jian
Xom
Yredelemnul
Zin
The Shining One

Shops:
D:2 :

Annotations:
D:6 1 runed translucent door, Crazy Yiuf
D:8 exclusion: orange crystal statue


Message History

The orc attacks as you move away! You block the orc's attack.
The water moccasin attacks as you move away!
The water moccasin bites you. The orc attacks as you move away!
The orc closely misses you.
You slash the kobold demonologist!
The kobold demonologist is almost dead.
You hit the orc.
The kobold demonologist hits you but does no damage.
You hit the kobold demonologist but do no damage.
The kobold demonologist is almost dead.
You slash the orc!
You kill the orc!
The orc's corpse dissolves into shadows!
The crimson imp blinks!
The kobold demonologist hits you but does no damage.
You miss the kobold demonologist.
The kobold demonologist is almost dead.
You miss the water moccasin. The water moccasin bites you.
6826 ||| READING 2 scrolls of teleportation.
As you read the scroll of teleportation, it crumbles to dust.
You feel strangely unstable.
The water moccasin bites you but does no damage.
The kobold demonologist hits you but does no damage.
The water moccasin bites you but does no damage.
You slash the kobold demonologist!
You kill the kobold demonologist!
The kobold demonologist's corpse dissolves into shadows!
The crimson imp disappears in a puff of smoke!
The white imp disappears in a puff of smoke!
You hit the orc but do no damage. You miss the water moccasin.
The water moccasin bites you but does no damage.
You slash the orc!
You kill the orc!
The orc's corpse dissolves into shadows!
You closely miss the water moccasin.
You feel like a meek peon again.
The orc priest calls down the wrath of Beogh upon you.
Beogh smites you!
You die...

...............###.##.[)))####
...............##...##.[).....
...............#.....##)[[....
...............##.....#)......
................##........####
.................##.......# #
#..............o..##.....### #
#....)))¤>..Sooo¤.##......###
######.#####@#.....##........
#.# ####5.8.$#......## #.#
#o..##.......# #.#
#=##.....##.. #.# ##..........
#.## #........... #..####
######).)... ##....## #......
##....###########......


You could see a water moccasin (summoned), an orc priest (summoned) and 3 orcs.

Vanquished Creatures
  An obsidian statue (D:8)
  Maggie (D:6)
  Sigmund (D:3)
  A wraith (D:6)
  A water moccasin (D:7)
  3 black bears (D:6)
  An ice beast (D:7)
  2 orc warriors
  2 ogres
  2 centaurs
  4 phantoms
  Blork the orc (D:6)
  2 bullfrogs (D:7)
  A gnoll sergeant (D:7)
  3 scorpions
  9 wights (D:8)
  A howler monkey (D:8)
  7 hounds
  A gnoll bouda (D:8)
  3 orc priests (D:8)
  5 iguanas
  3 orc wizards (D:8)
  6 adders
  15 gnolls
  A shadow imp (D:5)
  A white imp (D:6)
  2 ufetubi
  5 dart slugs
  24 orcs
  9 ball pythons
  5 bats
  7 endoplasms
  3 giant cockroaches
  5 goblins
  5 hobgoblins
  6 kobolds
  2 quokkas
  5 frilled lizards
  A rat (D:3)
157 creatures vanquished.

Notes
Turn   | Place    | Note
-------+----------+-------------------------------------------
     0 | D:1      | qw the Gargoyle Fighter began the quest for the Orb.
     0 | D:1      | Reached XP level 1. HP: 14/14 MP: 1/1
     0 | D:1      | 0 ||| qw: Version: 0.2-a-29-gc1b59c4
     0 | D:1      | 0 ||| qw: Game counter: 4516
     0 | D:1      | 0 ||| qw: Always use a shield: true
     0 | D:1      | 0 ||| qw: God list: Okawaru
     0 | D:1      | 0 ||| qw: Allow faded altars: false
     0 | D:1      | 0 ||| qw: Do Orc after D:15 true
     0 | D:1      | 0 ||| qw: Do second Lair branch before Depths: true
     0 | D:1      | 0 ||| qw: Lair rune preference: random
     0 | D:1      | 0 ||| qw: Plans: Normal, Zot:1-4, Slime:5, God:TSO, Crypt,
                  | Tomb, Abyss, Pan, Hells, Win
     0 | D:1      | 0 ||| PLANNING D:1-11
    48 | D:1      | Reached skill level 2 in Axes
   116 | D:1      | Reached XP level 2. HP: 19/19 MP: 2/2
   176 | D:1      | 176 ||| Stepping ~*~*~tactically~*~*~ (hiding).
   233 | D:1      | 233 ||| DROPPING +0 club.
   310 | D:1      | Reached skill level 3 in Axes
   411 | D:1      | Reached XP level 3. HP: 23/23 MP: 3/3
   454 | D:1      | Found a faded altar of an unknown god.
   642 | D:1      | 642 ||| READING 3 scrolls labelled EPAUWA KUIST.
   643 | D:1      | 643 ||| READING scroll labelled LEFEES MUICLO.
   644 | D:1      | 644 ||| READING scroll labelled UVUYTUANOTH.
   645 | D:1      | 645 ||| READING scroll labelled UGAELU FOSM.
   648 | D:1      | 648 ||| READING 3 scrolls labelled RURRAR GOCUWKI.
   649 | D:1      | 649 ||| DRINKING 2 fuming amethyst potions.
   694 | D:1      | 694 ||| DRINKING 2 murky blue potions.
   695 | D:1      | 695 ||| READING 2 scrolls of identify.
   695 | D:1      | 695 ||| IDENTIFYING green potion
   696 | D:1      | 696 ||| DROPPING 2 scrolls of revelation.
   759 | D:2      | Found Isky's Book Boutique.
   825 | D:2      | 825 ||| DROPPING +0 whip.
   939 | D:2      | Identified the +3 scale mail of the Solemn Slorg {+Inv
                  | rPois Slay+3}
  1554 | D:2      | 1554 ||| DROPPING +3 leather armour.
  1555 | D:2      | 1555 ||| UPGRADING to +3 scale mail of the Solemn Slorg
                  | {+Inv rPois Slay+3}.
  1565 | D:2      | 1565 ||| DROPPING +0 scale mail.
  1566 | D:2      | 1566 ||| UPGRADING to +0 pair of gloves.
  1571 | D:2      | 1571 ||| DROPPING ring of wizardry.
  1572 | D:2      | 1572 ||| READING scroll labelled KEYJIL TUELAGUBIO.
  1573 | D:2      | 1573 ||| READING scroll labelled OLENKE DAWKI.
  1574 | D:2      | 1574 ||| READING scroll labelled NOVYGE FE SOE.
  1591 | D:3      | 1591 ||| Stepping ~*~*~tactically~*~*~ (hiding).
  1592 | D:3      | 1592 ||| Stepping ~*~*~tactically~*~*~ (hiding).
  1725 | D:3      | Noticed Sigmund
  1726 | D:3      | 1726 ||| Stepping ~*~*~tactically~*~*~ (hiding).
  1736 | D:3      | Killed Sigmund
  1737 | D:3      | Reached skill level 5 in Axes
  1737 | D:3      | Reached XP level 4. HP: 25/28 MP: 2/4
  1737 | D:3      | Reached XP level 5. HP: 29/32 MP: 2/5
  1737 | D:3      | 1737 ||| Stepping ~*~*~tactically~*~*~ (stealth).
  1739 | D:3      | 1739 ||| Stepping ~*~*~tactically~*~*~ (stealth).
  2251 | D:3      | 2251 ||| READING scroll labelled ZAWKAKK GUORR.
  2252 | D:3      | 2252 ||| READING 2 scrolls labelled ZIUCI BETS.
  2253 | D:3      | 2253 ||| DRINKING 4 black potions.
  2254 | D:3      | 2254 ||| READING 2 scrolls of identify.
  2254 | D:3      | 2254 ||| IDENTIFYING glowing amethyst potion
  2255 | D:3      | 2255 ||| DROPPING scroll of noise.
  2256 | D:3      | 2256 ||| DROPPING potion of ambrosia.
  2318 | D:4      | Reached XP level 6. HP: 37/37 MP: 6/6
  2341 | D:4      | 2341 ||| DROPPING +0 mace.
  2464 | D:4      | 2464 ||| Stepping ~*~*~tactically~*~*~ (stealth).
  2549 | D:4      | Reached skill level 1 in Dodging
  2571 | D:4      | Found a staircase to the Ecumenical Temple.
  2572 | D:4      | 2572 ||| PLANNING TEMPLE
  2572 | D:4      | 2572 ||| READING scroll labelled FUGHAA UVOLAST.
  2604 | Temple   | Entered the Ecumenical Temple
  2605 | Temple   | 2605 ||| PLANNING OKAWARU WORSHIP
  2611 | Temple   | Became a worshipper of Warmaster Okawaru
  2611 | Temple   | 2611 ||| PLANNING D:1-11
  2940 | D:4      | Reached skill level 6 in Axes
  3022 | D:5      | Entered Level 5 of the Dungeon
  3089 | D:5      | Reached XP level 7. HP: 43/43 MP: 7/7
  3169 | D:5      | Found a shadowy altar of Dithmenos.
  3170 | D:5      | Found a sparkling altar of Nemelex Xobeh.
  3208 | D:5      | Reached * piety under Okawaru
  3283 | D:5      | Reached skill level 7 in Axes
  3283 | D:5      | Reached skill level 1 in Invocations
  3331 | D:5      | 3331 ||| DROPPING +0 flail.
  3402 | D:5      | 3402 ||| INVOKING Heroism.
  3695 | D:5      | 3695 ||| INVOKING Heroism.
  3736 | D:5      | 3736 ||| UPGRADING to +0 plate armour.
  3746 | D:5      | 3746 ||| DROPPING scarf of harm.
  3747 | D:5      | 3747 ||| DROPPING +3 scale mail of the Solemn Slorg {+Inv
                  | rPois Slay+3}.
  3810 | D:6      | HP: 9/44 [black bear (4)]
  3811 | D:6      | 3811 ||| READING scroll of teleportation.
  3811 | D:6      | HP: 4/44 [black bear (5)]
  3812 | D:6      | HP: 1/44 [black bear (3)]
  3813 | D:6      | Reached XP level 8. HP: 1/49 MP: 9/9
  3813 | D:6      | 3813 ||| INVOKING Heroism.
  4045 | D:6      | Noticed a wraith
  4061 | D:6      | Killed a wraith
  4062 | D:6      | Reached skill level 3 in Invocations
  4122 | D:6      | Noticed Maggie
  4130 | D:6      | 4130 ||| INVOKING Heroism.
  4142 | D:6      | Killed Maggie
  4143 | D:6      | Reached skill level 8 in Axes
  4342 | D:6      | Reached XP level 9. HP: 48/55 MP: 12/12
  4387 | D:6      | Reached skill level 6 in Fighting
  4425 | D:6      | 4425 ||| INVOKING Heroism.
  4473 | D:6      | Identified the +3 scimitar of Diobiral {holy, Fragile rC+
                  | rN+}
  4478 | D:6      | Noticed Blork the orc
  4479 | D:6      | 4479 ||| INVOKING Heroism.
  4490 | D:6      | Killed Blork the orc
  4602 | D:6      | 4602 ||| Stepping ~*~*~tactically~*~*~ (hiding).
  4603 | D:6      | 4603 ||| Stepping ~*~*~tactically~*~*~ (hiding).
  4661 | D:6      | Found a runed translucent door.
  4662 | D:6      | Noticed Crazy Yiuf
  4960 | D:6      | 4960 ||| READING scroll labelled XOHAIT PUOSK.
  4996 | D:6      | 4996 ||| READING 2 scrolls labelled UPYOMIU MYZI.
  4997 | D:6      | 4997 ||| DRINKING 2 emerald potions.
  4998 | D:6      | 4998 ||| READING 2 scrolls of identify.
  4998 | D:6      | 4998 ||| IDENTIFYING metallic cyan potion
  4999 | D:6      | 4999 ||| DROPPING scroll of fog.
  5000 | D:6      | 5000 ||| DROPPING potion of berserk rage.
  5047 | D:7      | 5047 ||| INVOKING Heroism.
  5265 | D:7      | Reached skill level 9 in Axes
  5340 | D:7      | 5340 ||| INVOKING Heroism.
  5365 | D:7      | 5365 ||| INVOKING Heroism.
  5471 | D:7      | 5471 ||| Stepping ~*~*~tactically~*~*~ (hiding).
  5473 | D:7      | 5473 ||| Stepping ~*~*~tactically~*~*~ (hiding).
  5740 | D:7      | Reached ** piety under Okawaru
  5935 | D:7      | 5935 ||| UPGRADING to +0 cloak.
  5940 | D:7      | 5940 ||| READING 2 scrolls of identify.
  5940 | D:7      | 5940 ||| IDENTIFYING brown potion
  5963 | D:8      | 5963 ||| INVOKING Heroism.
  5971 | D:8      | 5971 ||| Stepping ~*~*~tactically~*~*~ (hiding).
  5972 | D:8      | 5972 ||| Stepping ~*~*~tactically~*~*~ (hiding).
  5973 | D:8      | 5973 ||| Stepping ~*~*~tactically~*~*~ (hiding).
  5993 | D:8      | 5993 ||| DRINKING 4 potions of curing.
  5993 | D:8      | 5993 ||| (to cure confusion)
  5996 | D:8      | 5996 ||| DRINKING 3 potions of curing.
  5996 | D:8      | 5996 ||| (to cure confusion)
  5997 | D:8      | 5997 ||| INVOKING Heroism.
  5998 | D:8      | 5998 ||| DRINKING 2 potions of curing.
  5998 | D:8      | 5998 ||| (to cure confusion)
  6007 | D:8      | 6007 ||| Stepping ~*~*~tactically~*~*~ (hiding).
  6008 | D:8      | 6008 ||| Stepping ~*~*~tactically~*~*~ (hiding).
  6009 | D:8      | 6009 ||| Stepping ~*~*~tactically~*~*~ (hiding).
  6011 | D:8      | 6011 ||| Stepping ~*~*~tactically~*~*~ (hiding).
  6013 | D:8      | 6013 ||| Stepping ~*~*~tactically~*~*~ (hiding).
  6014 | D:8      | 6014 ||| Stepping ~*~*~tactically~*~*~ (hiding).
  6023 | D:8      | Reached skill level 6 in Armour
  6103 | D:8      | Identified the +9 spear of Awob {vamp, rElec rF+}
  6112 | D:8      | 6112 ||| Stepping ~*~*~tactically~*~*~ (stealth).
  6131 | D:8      | 6131 ||| INVOKING Heroism.
  6163 | D:8      | HP: 10/57 [wight/+0 trident (6)]
  6167 | D:8      | 6167 ||| INVOKING Heroism.
  6314 | D:8      | 6314 ||| FLEEEEING.
  6315 | D:8      | 6315 ||| FLEEEEING.
  6316 | D:8      | 6316 ||| FLEEEEING.
  6317 | D:8      | 6317 ||| FLEEEEING.
  6318 | D:8      | 6318 ||| FLEEEEING.
  6319 | D:8      | 6319 ||| FLEEEEING.
  6320 | D:8      | 6320 ||| FLEEEEING.
  6321 | D:8      | 6321 ||| FLEEEEING.
  6325 | D:8      | 6325 ||| STAIRDANCE
  6349 | D:8      | Reached XP level 10. HP: 59/63 MP: 13/13
  6420 | D:8      | Noticed an obsidian statue
  6421 | D:8      | 6421 ||| INVOKING Heroism.
  6435 | D:8      | Noticed a soul eater
  6437 | D:8      | Killed an obsidian statue
  6438 | D:8      | Reached skill level 10 in Axes
  6462 | D:8      | 6462 ||| INVOKING Heroism.
  6615 | D:8      | Found a shimmering altar of Xom.
  6768 | D:8      | Noticed an orange crystal statue
  6769 | D:8      | 6769 ||| INVOKING Heroism.
  6785 | D:8      | 6785 ||| Stepping ~*~*~tactically~*~*~ (hiding).
  6797 | D:8      | Noticed a kobold demonologist
  6799 | D:8      | 6799 ||| INVOKING Heroism.
  6805 | D:8      | 6805 ||| DRINKING potion of curing.
  6805 | D:8      | 6805 ||| (to cure confusion)
  6825 | D:8      | HP: 15/64 [water moccasin[an orange crystal statue] (4)]
  6826 | D:8      | 6826 ||| READING 2 scrolls of teleportation.
  6828 | D:8      | Killed from afar by an orc priest

Levels and vault maps discovered:
D:1:      ncdulo_halloftheorcs, layout_basic, chequers_ecumenical_altar_twisty
D:2:      layout_loops_corners, serial_shops, shop
D:3:      layout_loops_ring, uniq_sigmund
D:4:      layout_basic, minmay_temple_entry_antechambers
D:5:      layout_basic, chequers_temple_overflow_statue_of_worship, hex_tiny
D:6:      layout_gridville, minmay_misc_feat_four_crosses, uniq_maggie,
          uniq_crazy_yiuf_cottage, uniq_blork_the_orc
D:7:      layout_basic
D:8:      minmay_separated_statues, layout_rooms, kennysheep_mini
Temple:   nicolae_temple_no_exploring_needed

Skill      XL: |  1  2  3  4  5  6  7  8  9 10 |
---------------+-------------------------------+-----
Axes           | 2 3 5 6 7 8 9 10 | 10.4
Fighting       | 4 5 7 |  7.6
Dodging        | 1 |  1.0
Invocations    | 1 4 |  4.7
Armour         | 4 6 |  6.0
Shields        | 4 |  4.0

Action                     |  1- 3 |  4- 6 |  7- 9 | 10-12 || total
---------------------------+-------+-------+-------+-------++-------
  Melee: War axe           |    87 |    71 |   357 |    80 ||   595
 Invoke: Heroism           |       |       |    13 |     4 ||    17
    Use: Scroll            |     9 |     4 |     5 |     1 ||    19
         Potion            |     2 |     1 |     4 |     1 ||     8
 Armour: Scale mail        |    47 |    41 |    26 |       ||   114
         Plate armour      |       |       |   238 |   102 ||   340
  Dodge: Dodged            |    32 |    30 |   133 |    40 ||   235
  Block: Buckler           |     4 |     9 |    70 |    18 ||   101

Table legend:
 A = Non-vault XP
 B = Vault XP
 C = Vault XP percentage of total XP
 D = Non-vault monster count
 E = Vault monster count
 F = Vault count percentage of total count
                 A         B        C        D         E       F
            +---------+---------+-------+---------+---------+-------
      Total |    4521 |    1380 |  23.4 |     153 |       4 |   2.5
            +---------+---------+-------+---------+---------+-------
        D:1 |      38 |       0 |   0.0 |      22 |       0 |   0.0
        D:2 |       9 |       0 |   0.0 |       5 |       0 |   0.0
        D:3 |      22 |     243 |  91.7 |      13 |       1 |   7.1
        D:4 |     281 |       0 |   0.0 |      21 |       0 |   0.0
        D:5 |     567 |       0 |   0.0 |      15 |       0 |   0.0
        D:6 |    1201 |     505 |  29.6 |      18 |       2 |  10.0
        D:7 |    1076 |       0 |   0.0 |      21 |       0 |   0.0
        D:8 |    1327 |     632 |  32.3 |      38 |       1 |   2.6
            +---------+---------+-------+---------+---------+-------
